 Dungeon Crawl Stone Soup version 0.29.1-15-g9cfb28693d (webtiles) character file.

Game seed: 14722845719675683779

184 buriedalive the Chiller (level 5, -5/28 HPs)
             Began as a Deep Elf Ice Elementalist on Apr 14, 2023.
             Killed by nerve-wracking pain
             ... invoked by Grinder
              (12 damage)
             ... on level 3 of the Dungeon.
             The game lasted 00:06:01 (2961 turns).

buriedalive the Chiller (Deep Elf Ice Elementalist) Turns: 2961, Time: 00:06:02

Health: -5/28      AC:  9    Str:  5    XL:     5   Next: 36%
Magic:  14/14      EV: 14    Int: 22    God:
Gold:   111        SH:  0    Dex: 15    Spells: 13/14 levels left

rFire   + . .      SeeInvis +   t - +2 dagger (speed)
rCold   + . .      Faith    .   (no shield)
rNeg    . . .      Spirit   .   a - +0 robe
rPois   +          Reflect  .   (no helmet)
rElec   +          Harm     .   d - +1 cloak
rCorr   +          Rampage  .   j - +0 pair of gloves
Will    .....                   (no boots)
Stlth   ++........              u - amulet of magic regeneration
HPRegen 0.09/turn               m - +4 ring of protection
MPRegen 0.54/turn               q - ring of see invisible

@: resistant, unable to drink
A: inability to drink after injury 1
a: no special abilities


You were on level 3 of the Dungeon.
You visited 1 branch of the dungeon, and saw 3 of its levels.

You collected 111 gold pieces.

Inventory:

Hand Weapons
 c - a +0 mace
 n - a +0 dagger
 t - a +2 dagger of speed (weapon)
Missiles
 i - 27 stones
 p - 5 poisoned darts
Armour
 a - a +0 robe (worn)
 d - a +1 cloak (worn)
 j - a +0 pair of gloves (worn)
Jewellery
 m - a +4 ring of protection (left hand)
 q - a ring of see invisible (right hand)
 u - an amulet of magic regeneration (around neck)
Scrolls
 g - a scroll of magic mapping
 l - 2 scrolls of immolation
 o - a scroll of amnesia {unknown}
 r - a scroll of identify {unknown}
 s - a scroll of brand weapon {unknown}
 v - a scroll of fear {unknown}
Potions
 b - 2 potions of magic
 k - a potion of heal wounds


   Skills:
 + Level 4.4 Dodging
 - Level 2.4 Stealth
 - Level 5.0 Spellcasting
 + Level 5.5 Ice Magic


You had 13 spell levels left.
You knew the following spells:

 Your Spells              Type           Power      Damage    Failure   Level
a - Freeze                Ice            100%       1d11      1%          1

Your spell library contained the following spells:

 Spells                   Type           Power      Damage    Failure   Level
 Frozen Ramparts          Ice            60%        1d10      3%          3
 Ozocubu's Armour         Ice            30%        N/A       3%          3
 Hailstorm                Conj/Ice       17%        3d6       32%         4


Dungeon Overview and Level Annotations

Branches:
Dungeon (3/15)

Altars:
Makhleb
Uskayaw

Annotations:
D:3 1 runed translucent door, Grinder


Innate Abilities, Weirdness & Mutations

You occasionally lose the ability to drink potions when taking damage.


Message History

You feel less confused.
There is a burning altar of Makhleb here.
Grinder hits you.
The orc throws a boomerang.
The boomerang hits you but does no damage.
Grinder says, "Don't move a muscle."
Grinder blinks!
Grinder blinks!
The orc throws a boomerang.
The boomerang misses you.
The orc throws a boomerang.
The boomerang hits you but does no damage.
There is an open door here.
Casting: Freeze (safe; 1% risk of failure)
Confirm with . or Enter, or press ? or * to list all spells.
Aiming: Freeze (safe; 1% risk of failure)
Press: ? - help, Shift-Dir - straight line, f - orc, p - Grinder
Aim: an orc, wielding a +1 mace of holy wrath, wearing a +0 leather armour and quivering boomerangs You freeze the orc.
You kill the orc!
It was a potion of mutation.
You feel extremely strange.
You occasionally lose the ability to drink potions when taking damage.
Grinder gestures at you. You resist with significant effort.
It was a potion of resistance.
You feel protected.
Casting: Freeze (safe; 1% risk of failure)
Confirm with . or Enter, or press ? or * to list all spells.
Aiming: Freeze (safe; 1% risk of failure)
Press: ? - help, Shift-Dir - straight line, f - Grinder
Aim: Grinder You freeze Grinder.
Grinder resists.
Grinder is lightly wounded.
Grinder hits you.
You writhe in agony.
Grinder attacks as you move away! Grinder hits you but does no damage.
Grinder gestures at you. Pain shoots through your body!
* * * LOW HITPOINT WARNING * * *
You see here a +0 whip.
Grinder gestures at you. Pain shoots through your body!
You feel threatened and lose the ability to drink potions!
You die...

....#
#<##.##.###§≈§..§.#.###
#.### #.......#
#.≈§_.≈.#.# #.
####.######§≈...≈.#.#
#####.####.'.§....)'.#
#....)÷....####'####.# #
#.###.##.####...####.###
#.. #.##.##.)........##.
###...#.##.##.#.#....###..
.........@).5..........'..
###....###.##.#......###..
#.>#. #.##.#..#.#.# ##.
#.##. #.##.#..###.# ## #.
.. ..##.#......# # # #.
####........# #.
####.##### #. #.# #.#


You could see Grinder.

Vanquished Creatures
  A human zombie (D:3)
  3 orc wizards (D:3)
  2 adders
  A worm (D:2)
  2 dart slugs
  6 orcs (D:3)
  4 ball pythons
  2 endoplasms
  4 giant cockroaches
  2 goblins
  5 hobgoblins
  2 kobolds
  3 quokkas
  4 bats
  3 frilled lizards (D:1)
  4 rats
48 creatures vanquished.

Vanquished Creatures (others)
  3 plants (D:1)
3 creatures vanquished.

Grand Total: 51 creatures vanquished

Notes
Turn   | Place    | Note
-------+----------+-------------------------------------------
     0 | D:1      | buriedalive the Deep Elf Ice Elementalist began the quest
                  | for the Orb.
     0 | D:1      | Reached XP level 1. HP: 10/10 MP: 6/6
   431 | D:1      | Reached XP level 2. HP: 15/15 MP: 5/8
   915 | D:1      | Found a faded altar of an unknown god.
  1589 | D:2      | Reached XP level 3. HP: 19/19 MP: 7/10
  1820 | D:2      | Found a hide-covered altar of Uskayaw.
  2121 | D:3      | Reached skill level 5 in Ice Magic
  2121 | D:3      | Reached XP level 4. HP: 17/24 MP: 6/12
  2392 | D:3      | Reached XP level 5. HP: 28/28 MP: 12/14
  2477 | D:3      | Found a runed translucent door.
  2477 | D:3      | Noticed a human
  2478 | D:3      | Identified the +1 ring mail of Sif Muna's Supremacy
                  | {Rampage rElec Int+3}
  2751 | D:3      | Found a burning altar of Makhleb.
  2901 | D:3      | Reached skill level 5 in Spellcasting
  2931 | D:3      | Noticed Grinder
  2954 | D:3      | Gained mutation: You occasionally lose the ability to drink
                  | potions when taking damage. [potion of mutation]
  2961 | D:3      | Killed from afar by Grinder

Illustrated notes

Levels and vault maps discovered:
D:1:      ncdulo_halloftheorcs, layout_loops_corners,
          shapermc_ecumenical_altar_venn, serial_bayou, serial_bayou_pond_b,
          serial_bayou_pond_a, serial_bayou_shore_b, serial_bayou_shore_a,
          kennysheep_crisscross
D:2:      layout_rooms, basic_altar
D:3:      layout_loops_corners, mainiacjoe_overflow_six_doors_small,
          dk_yredelemnul_ordeal, uniq_grinder

Skill      XL: |  1  2  3  4  5 |
---------------+----------------+-----
Dodging        | 3 4 |  4.4
Spellcasting   | 4 5 |  5.0
Ice Magic      | 5 |  5.5
Stealth        | |  2.4

Action                   |  1- 3 |  4- 6 || total
-------------------------+-------+-------++-------
Melee: Mace              |    25 |       ||    25
       Punch             |     1 |       ||     1
       Dagger            |    17 |    55 ||    72
 Cast: Freeze            |    28 |    24 ||    52
  Use: Scroll            |     4 |       ||     4
       Potion            |       |     4 ||     4
 Stab: Sleeping          |     4 |     2 ||     6
Armor: Robe              |    18 |    28 ||    46
Dodge: Dodged            |    35 |    27 ||    62
